 Dungeon Crawl Stone Soup version 0.29-a0-925-g0a7a3d12f8 (webtiles) character file.

Game seed: 15888986199005920683

7988 quixfox the Geomancer (level 11, -8/64 HPs)
             Began as a Gargoyle Earth Elementalist on July 28, 2022.
             Was a Believer of Vehumet.
             Shot with an arrow by a centaur warrior (13 damage)
             ... on level 10 of the Dungeon.
             The game lasted 00:30:36 (12397 turns).

quixfox the Geomancer (GrEE)                       Turns: 12397, Time: 00:30:37

Health: -8/64      AC: 23    Str: 12    XL:     11   Next: 23%
Magic:  22/22      EV: 15    Int: 20    God:    Vehumet [**....]
Gold:   602        SH:  7    Dex: 10    Spells: 16/25 levels left

rFire   . . .      SeeInvis .   v - +6 hammer of Wounding {flame, rPois Stlth+}
rCold   . . .      Faith    .   u - +2 buckler
rNeg    + . .      Spirit   .   j - +3 leather armour
rPois   ∞          Reflect  .   b - +1 helmet of Calculation {Stlth+}
rElec   +          Harm     .   o - +1 cloak
rCorr   +          Rampage  .   k - +1 pair of gloves
Will    .....                   t - +1 pair of boots
Stlth   ++++......              H - amulet of magic regeneration
HPRegen 0.20/turn               d - ring of resist corrosion
MPRegen 0.58/turn               e - +4 ring of evasion

@: no status effects
A: sickness immunity, AC +8, negative energy resistance 1, electricity
resistance, torment resistance 1, petrification resistance
a: Renounce Religion


You were on level 10 of the Dungeon.
You worshipped Vehumet.
Vehumet was pleased with you.
You visited 1 branch of the dungeon, and saw 10 of its levels.
You also visited: Ossuary.

You collected 602 gold pieces.

Inventory:

Hand Weapons
 v - the +6 hammer of Wounding (weapon) {flame, rPois Stlth+}
   (You found it on level 3 of the Dungeon)

   It burns those it strikes, dealing additional fire damage.
   rPois:     It protects you from poison.
   Stlth:     It makes you more stealthy.
Missiles
 p - 26 poisoned darts
 F - a throwing net
Armour
 b - the +1 helmet of Calculation (worn) {Stlth+}
   (You took it off Robin on level 3 of the Dungeon)

   Stlth:     It makes you more stealthy.
 j - a +3 leather armour (worn)
 k - a +1 pair of gloves (worn)
 o - a +1 cloak (worn)
 t - a +1 pair of boots (worn)
 u - a +2 buckler (worn)
Jewellery
 d - a ring of resist corrosion (left hand)
 e - a +4 ring of evasion (right hand)
 y - a ring of protection from fire
 E - a ring of fire
 H - an amulet of magic regeneration (around neck)
Wands
 c - a wand of iceblast (2)
 g - a wand of polymorph (3)
 z - a wand of charming (11)
 G - a wand of light (3)
 I - a wand of mindburst (5)
Scrolls
 f - 2 scrolls of magic mapping
 n - a scroll of fear
 q - 3 scrolls of enchant armour
 s - 5 scrolls of identify
 B - 2 scrolls of amnesia
 D - 3 scrolls of immolation
Potions
 h - 2 potions of brilliance
 i - a potion of resistance
 r - 2 potions of attraction
 w - a potion of flight
 x - 3 potions of magic
 A - 3 potions of lignification
 C - a potion of mutation


   Skills:
 + Level 6.2 Fighting
 + Level 5.0 Armour
 - Level 1.5 Dodging
 - Level 2.1 Stealth
 + Level 5.8 Shields
 + Level 7.6 Spellcasting
 + Level 8.1 Conjurations
 - Level 0.7 Transmutations
 + Level 4.5 Fire Magic
 + Level 10.2 Earth Magic


You had 16 spell levels left.
You knew the following spells:

 Your Spells              Type           Power      Damage    Failure   Level
a - Sandblast             Erth           96%        2d20      1%          1
b - Passwall              Tmut/Erth      24%        N/A       2%          2
c - Stone Arrow           Conj/Erth      88%        3d12      1%          3
d - Inner Flame           Hex/Fire       16%        N/A       17%         3

Your spell library contained the following spells:

 Spells                   Type           Power      Damage    Failure   Level
 Conjure Flame            Conj/Fire      33%        6-21      3%          3
 Petrify                  Tmut/Erth      29%        N/A       16%         4
 Cause Fear               Hex            3%         N/A       80%         4
 Malign Gateway           Summ/Tloc      3%         N/A       100%        7
 Discord                  Hex            3%         N/A       100%        8
 Summon Horrible Things   Summ           3%         N/A       100%        8


Dungeon Overview and Level Annotations

Branches:
Dungeon (10/15)            Temple (0/1) D:4             Orc (0/2) D:9
Ossuary (visited)
   Lair: D:8-11

Altars:
Hepliaklqana
Kikubaaqudgha
Ru
Trog
Vehumet

Shops:
D:2 *

Annotations:
D:1 2 transporters
D:3 3 runed translucent doors, pigah's ghost, amateur OpAE; testman's ghost, amateur HuHu
D:6 3 runed translucent doors, Kazon's ghost, novice DsGl


Innate Abilities, Weirdness & Mutations

You are immune to sickness and miasma.
Your stone body is resilient. (AC +8)
You are immune to poison.
You resist negative energy. (rN+)
You are resistant to electric shocks. (rElec)
You are resistant to unholy torment.
You are immune to petrification.


Message History

You feel better. Something hits you but does no damage.
The air fills with toxic fumes!
As you read the scroll of poison, it crumbles to dust.
Something hits you but does no damage.
The centaur warrior shoots an arrow.
The arrow hits you.
* * * LOW HITPOINT WARNING * * *
The orc warrior drinks a potion.
The orc warrior goes berserk!
You block something's attack. Vehumet accepts your kill.
Reactivating autopickup.
You feel a bit more experienced.
The centaur warrior is engulfed in poison gas.
The centaur warrior is poisoned.
The centaur warrior shoots an arrow.
The arrow completely misses you.
The centaur warrior is engulfed in poison gas.
The centaur warrior looks even sicker.
The orc warrior is engulfed in poison gas.
The orc warrior is poisoned.
The centaur warrior is engulfed in poison gas.
The centaur warrior looks even sicker.
The orc warrior is engulfed in poison gas.
The orc warrior looks even sicker.
The orc warrior is engulfed in poison gas.
The orc warrior looks even sicker.
The centaur warrior is engulfed in poison gas.
The centaur warrior looks as sick as possible!
The centaur warrior shoots an arrow.
You block the arrow.
The orc warrior looks as sick as possible!
There is a stone staircase leading up here.
The centaur warrior is engulfed in poison gas.
The centaur warrior looks as sick as possible!
The orc warrior is engulfed in poison gas.
The orc warrior looks as sick as possible!
The orc warrior is engulfed in poison gas.
The orc warrior looks as sick as possible!
The orc warrior closely misses you.
The centaur warrior is engulfed in poison gas.
The centaur warrior looks as sick as possible!
The centaur warrior shoots an arrow.
The arrow hits you!
You die...

##......### #..#### *,,,,,,,
###....### ##..# **,,,,,,
##....§####..## **,,,,,
###.§§§§##☼.# **,,,, ##§§.§.§§##
**,,, ###§☼c§§§### *,,, ########
##☼§☼§§§§##### **,,
##......###.§§o§§☼§..#.## *,,
#....._.##..§§§§@§§.....## *,,
#...#...###.#§§☼§§§......## **,
#..###### #.#§☼§☼§☼.......### *,
#..## ##.#§☼§§§☼.........#* *,
#...######..#...........##...#***
#..........##...........#*......*
##.......####..........##,,.....,
######### #.......#.##*,,.....,
#......##.# *,,,....*


You could see a centaur warrior (extremely poisoned) and an orc warrior
(berserk, extremely poisoned).

Vanquished Creatures
  A hydra (D:10)
  Pikel (D:8)
  A deep elf pyromancer (D:10)
  A manticore (D:10)
  A kobold demonologist (D:10)
  An unseen horror (D:10)
  A hornet (D:7)
  A shadow (D:9)
  A vampire (D:9)
  12 yaks
  Eustachio (D:6)
  2 steam dragons (D:9)
  2 water moccasins
  A black bear (D:4)
  3 orc warriors
  2 sky beasts (D:6)
  3 ogres
  4 centaurs
  A phantom (D:4)
  5 bullfrogs
  A scorpion (D:6)
  A necrophage (D:6)
  4 wights (D:8)
  6 hounds
  A jelly (D:4)
  Crazy Yiuf (D:3)
  4 orc priests
  5 iguanas
  Terence (D:3)
  7 orc wizards
  4 mummies (Ossuary)
  Robin (D:3)
  4 adders
  3 gnolls (D:5)
  A shadow imp (D:7)
  2 white imps
  5 ufetubi
  2 adder skeletons (D:2)
  2 worms
  3 dart slugs
  31 orcs
  2 endoplasms
  7 giant cockroaches
  17 goblins
  6 hobgoblins
  13 jackals
  3 quokkas
  7 ball pythons
  A ball python zombie (D:2)
  6 bats
  5 frilled lizards
  A giant cockroach zombie (D:2)
  3 goblin zombies (Ossuary)
  2 hobgoblin zombies (Ossuary)
  A jackal skeleton (D:2)
  6 kobolds
  3 orc zombies (Ossuary)
  4 rats
221 creatures vanquished.

Vanquished Creatures (others)
  4 withered plants (D:2)
4 creatures vanquished.

Grand Total: 225 creatures vanquished

Notes
Turn   | Place    | Note
-------+----------+-------------------------------------------
     0 | D:1      | quixfox the Gargoyle Earth Elementalist began the quest for
                  | the Orb.
     0 | D:1      | Reached XP level 1. HP: 10/10 MP: 3/3
   108 | D:1      | Reached skill level 4 in Earth Magic
   108 | D:1      | Reached XP level 2. HP: 15/15 MP: 1/5
   633 | D:1      | Reached XP level 3. HP: 17/19 MP: 1/6
  1786 | D:2      | Learned a level 2 spell: Passwall
  1790 | D:2      | Learned a level 3 spell: Stone Arrow
  1883 | D:2      | Reached XP level 4. HP: 24/24 MP: 6/8
  1923 | D:2      | Found a faded altar of an unknown god.
  2071 | D:2      | Found Pan Gufi's General Store.
  2326 | D:3      | Reached skill level 1 in Conjurations
  2496 | D:3      | Found a runed translucent door.
  2497 | D:3      | Noticed Crazy Yiuf
  2552 | D:3      | Found a sacrificial altar of Ru.
  2559 | D:3      | Reached skill level 5 in Earth Magic
  2659 | D:3      | Noticed Terence
  2676 | D:3      | Killed Terence
  2677 | D:3      | Reached XP level 5. HP: 6/28 MP: 4/10
  2739 | D:3      | Identified the +1 helmet of Calculation {Stlth+}
  2739 | D:3      | Noticed Robin
  2751 | D:3      | Killed Robin
  2968 | D:3      | Found a radiant altar of Vehumet.
  2974 | D:3      | Became a worshipper of Vehumet
  3214 | D:3      | Found a runed translucent gate.
  3215 | D:3      | Found a runed translucent gate.
  3215 | D:3      | Found a runed translucent gate.
  3217 | D:3      | Noticed pigah's ghost (amateur OpAE)
  3217 | D:3      | Noticed testman's ghost (amateur HuHu)
  3711 | D:3      | Killed Crazy Yiuf
  3721 | D:3      | Identified the +6 hammer of Wounding {flame, rPois Stlth+}
  3866 | D:4      | Noticed a phantom
  3881 | D:4      | Killed a phantom
  3882 | D:4      | Reached XP level 6. HP: 28/32 MP: 6/12
  4007 | D:4      | Found a staircase to the Ecumenical Temple.
  4059 | D:4      | Reached skill level 6 in Earth Magic
  4157 | D:4      | Noticed a black bear
  4175 | D:4      | Killed a black bear
  4176 | D:4      | Reached XP level 7. HP: 36/36 MP: 9/13
  4559 | D:5      | Entered Level 5 of the Dungeon
  4673 | D:5      | Found a sand-covered staircase.
  4678 | Ossuary  | Entered an ossuary
  4823 | Ossuary  | Reached * piety under Vehumet
  4823 | Ossuary  | Offered knowledge of Shock by Vehumet.
  5203 | D:5      | Reached skill level 5 in Spellcasting
  5203 | D:5      | Reached skill level 7 in Earth Magic
  5318 | D:5      | Reached XP level 8. HP: 14/41 MP: 11/15
  5616 | D:5      | Reached skill level 5 in Conjurations
  5987 | D:6      | Reached skill level 1 in Fighting
  5987 | D:6      | Reached skill level 1 in Shields
  6396 | D:6      | Found a runed translucent gate.
  6396 | D:6      | Found a runed translucent gate.
  6397 | D:6      | Found a runed translucent gate.
  6400 | D:6      | Noticed Kazon's ghost (novice DsGl)
  6672 | D:6      | Offered knowledge of Poisonous Vapours by Vehumet.
  6673 | D:6      | Reached skill level 8 in Earth Magic
  6684 | D:6      | Reached ** piety under Vehumet
  6926 | D:6      | Noticed Eustachio
  6961 | D:6      | Killed Eustachio
  6962 | D:6      | Reached XP level 9. HP: 47/50 MP: 4/18
  7692 | D:7      | You fall into a shaft and drop 3 floors!
  7692 | D:10     | Entered Level 10 of the Dungeon
  7851 | D:7      | Noticed a hornet
  7860 | D:7      | Killed a hornet
  8098 | D:7      | Learned a level 3 spell: Inner Flame
  8148 | D:7      | Reached skill level 1 in Armour
  8359 | D:7      | Found an ancient bone altar of Kikubaaqudgha.
  8655 | D:8      | Reached skill level 1 in Fire Magic
  8662 | D:8      | Noticed Pikel
  8955 | D:8      | Killed Pikel
  8956 | D:8      | Reached skill level 9 in Earth Magic
  8956 | D:8      | Reached XP level 10. HP: 58/58 MP: 18/20
  9638 | D:8      | Offered knowledge of Conjure Flame by Vehumet.
  9639 | D:8      | Reached skill level 5 in Fighting
  9639 | D:8      | Reached skill level 5 in Shields
 10367 | D:9      | Found a staircase to the Orcish Mines.
 10637 | D:9      | Found a bloodstained altar of Trog.
 10975 | D:9      | Reached *** piety under Vehumet
 11521 | D:10     | Noticed a kobold demonologist
 11526 | D:10     | Noticed a boulder beetle
 11552 | D:10     | Noticed a centaur warrior
 11554 | D:10     | Killed a kobold demonologist
 11845 | D:10     | Noticed a four-headed hydra
 12063 | D:10     | Noticed a manticore
 12064 | D:10     | Noticed a deep elf pyromancer
 12068 | D:10     | Killed a manticore
 12069 | D:10     | Reached skill level 10 in Earth Magic
 12069 | D:10     | Reached XP level 11. HP: 53/64 MP: 22/22
 12314 | D:10     | Found a hazy altar of Hepliaklqana.
 12342 | D:10     | Killed a four-headed hydra
 12378 | D:10     | Noticed a centaur warrior
 12380 | D:10     | Killed a deep elf pyromancer
 12381 | D:10     | Reached skill level 5 in Armour
 12389 | D:10     | HP: 1/64 [something (6)]
 12397 | D:10     | Shot with an arrow by a centaur warrior

Illustrated notes

Levels and vault maps discovered:
D:1:      spicycebolla_arrival_transporter_tutorial, layout_basic,
          serial_co_window_serial, co_window_cross_1, co_window_paths_a,
          co_window_paths_a, co_window_corner_a, co_window_paths_a,
          co_window_paths_b, co_window_broadway_a, co_window_2corner,
          co_window_broadway_a, co_window_broadway_b,
          co_window_of_opportunity_b, glass_columns_a, glass_columns_b,
          glass_columns_b, glass_columns_c, kennysheep_small_spiral,
          minmay_misc_feat_plants, minmay_misc_feat_hallway,
          corexii_hall_statues_i
D:2:      layout_rooms, shapermc_ecumenical_altar_starsandcircs, serial_shops,
          nicolae_shop_hallway_plus, serial_undead, serial_undead_e,
          serial_undead_b, serial_undead_d, serial_undead_b,
          minmay_stone_trees_small
D:3:      layout_loops_ring, lemuel_doored_altar,
          mainiacjoe_overflow_small_starburst, gammafunk_ghost_cemetery,
          uniq_crazy_yiuf_cottage, uniq_terence, uniq_robin
D:4:      layout_rooms, minmay_temple_entry_hall, grunt_ministairs_1
D:5:      layout_cave_pods, enter_ossuary_2, chequers_serial_rivers_small_b
D:6:      layout_basic, gammafunk_ghost_necromancy, grunt_decor_junction,
          uniq_eustachio
D:7:      nicolae_cairo_tiling_very_big, layout_basic,
          lemuel_coloured_pillars_altar
D:8:      layout_basic, enter_bailey_5, grunt_decor_resistance, uniq_pikel
D:9:      layout_cave_pods, bloody_trog, orc_0_dummy
D:10:     minmay_the_grid_square_5x5_4x4 [minmay_the_grid_square_5x5_c,
          minmay_the_grid_square_5x5_eight,
          minmay_the_grid_square_5x5_eight_small,
          minmay_the_grid_square_5x5_three_walls,
          minmay_the_grid_square_5x5_minibox,
          minmay_the_grid_square_5x5_prize_deathbox,
          minmay_the_grid_square_5x5_prize_gold,
          minmay_the_grid_square_5x5_corner, minmay_the_grid_square_5x5_dogpile,
          minmay_the_grid_square_5x5_prize_waves,
          minmay_the_grid_square_5x5_prize_junk,
          minmay_the_grid_square_5x5_shrine2, minmay_the_grid_square_5x5_empty,
          minmay_the_grid_square_5x5_slash,
          minmay_the_grid_square_5x5_broken_cross,
          minmay_the_grid_square_5x5_tie], layout_cave_pods,
          nicolae_hepliaklqana_hippocampus, serial_glass, glass_columns_b,
          glass_columns_a

Skill      XL: |  1  2  3  4  5  6  7  8  9 10 11 |
---------------+----------------------------------+-----
Earth Magic    | 4 5 6 7 8 9 10 | 10.2
Spellcasting   | 3 4 5 6 7 |  7.6
Conjurations   | 1 2 3 4 5 6 7 8 |  8.1
Fighting       | 3 4 5 6 |  6.2
Shields        | 3 4 5 |  5.8
Armour         | 2 4 5 |  5.0
Fire Magic     | 2 4 |  4.5
Dodging        | |  1.5
Stealth        | |  2.1
Transmutations | |  0.7

Action                   |  1- 3 |  4- 6 |  7- 9 | 10-12 || total
-------------------------+-------+-------+-------+-------++-------
Melee: Whip              |     1 |       |       |       ||     1
       Quarterstaff      |       |     8 |       |       ||     8
       Mace              |       |     5 |    11 |    26 ||    42
 Cast: Sandblast         |    64 |    92 |   192 |    97 ||   445
Evoke: Wand              |       |       |     2 |     3 ||     5
  Use: Scroll            |       |     4 |    20 |     2 ||    26
       Potion            |       |     3 |     1 |     1 ||     5
Armor: Robe              |     6 |    21 |    78 |    23 ||   128
       Leather armour    |       |       |       |    33 ||    33
Dodge: Dodged            |    25 |    62 |   153 |    87 ||   327
Block: Buckler           |       |       |     2 |    35 ||    37

Table legend: (Time is in decaauts)
 A = Elapsed time spent in this place.
 B = Non-inter-level travel time spent in this place.
 C = Inter-level travel time spent in this place.
 D = Time resting spent in this place.
 E = Time spent auto-exploring this place.
 F = Levels seen in this place.
 G = Mean time per level.
                   A        B        C        D        E       F      G
               +--------+--------+--------+--------+--------+-----+--------+
         Total |  12869 |  12597 |    272 |   3027 |   6898 |  11 | 1169.9 |
       Dungeon |  12483 |  12211 |    272 |   2868 |   6856 |  10 | 1248.3 |
       Ossuary |    385 |    385 |      0 |    159 |     42 |   1 |  385.0 |
               +--------+--------+--------+--------+--------+-----+--------+

Top non-repeatable levels by time:
     D:9: 2254 daAuts
     D:3: 1572 daAuts
     D:1: 1473 daAuts
     D:6: 1468 daAuts
     D:8: 1367 daAuts
     D:7: 1116 daAuts
     D:5: 1063 daAuts
     D:2: 918 daAuts
     D:4: 768 daAuts
    D:10: 480 daAuts
 Ossuary: 385 daAuts
